 Dungeon Crawl Stone Soup version 0.18.1-50-g88ac8fd (webtiles) character file.

200 grisgris the Magician (level 5, -7/28 HPs)
             Began as a Deep Elf Conjurer on Oct 27, 2016.
             Mangled by Grinder (10 damage)
             ... on level 3 of the Dungeon.
             The game lasted 00:09:11 (3295 turns).

grisgris the Magician (Deep Elf Conjurer)           Turns: 3295, Time: 00:09:12

Health: -7/28      AC:  4    Str:  5    XL:     5   Next: 48%
Magic:  10/17      EV: 10    Int: 21    God:
Gold:   224        SH:  0    Dex: 15    Spells: 3 memorised, 12 levels left

rFire  . . .     SeeInvis .     (no weapon)
rCold  . . .     Gourm    .     a - +0 robe
rNeg   . . .     Faith    .     (no shield)
rPois  .         Spirit   .     g - +0 helmet
rElec  +         Dismiss  .     (no cloak)
rCorr  .         Reflect  .     h - +0 pair of gloves
SustAt .         Harm     .     (no boots)
MR     .....     Rnd*Tele +     (no amulet)
Stlth  ++........               p - ring of teleportation (curse)
                                k - -3 ring of evasion (curse)

@: not resistant to hostile enchantments, unstealthy
A: electricity resistance
a: no special abilities


You were on level 3 of the Dungeon.
You were not hungry.

You visited 1 branch of the dungeon, and saw 3 of its levels.

You collected 224 gold pieces.

Inventory:

Hand Weapons
 d - a +0 dagger
Armour
 a - a +0 robe (worn)
 g - a +0 helmet (worn)
 h - a +0 pair of gloves (worn)
Jewellery
 i - an uncursed ring of protection from cold
 k - a cursed -3 ring of evasion (left hand)
 n - an uncursed ring of protection from magic
 p - a cursed ring of teleportation (right hand)
Wands
 l - a wand of random effects (27/48)
Scrolls
 o - 2 scrolls of identify
Potions
 c - a potion of degeneration {unknown}
 e - 2 potions of brilliance
 f - a potion of cure mutation
 j - a potion of curing
 m - a potion of haste
Books
 b - a book of Conjurations

   Spells                             Type                      Level
   a - Magic Dart                     Conjuration                  1
   b - Searing Ray                    Conjuration                  2
   c - Dazzling Spray                 Conjuration/Hexes            3
   d - Fulminant Prism                Conjuration/Hexes            4
   e - Iskenderun's Mystic Blast      Conjuration                  4
   f - Iskenderun's Battlesphere      Conjuration/Charms           5


   Skills:
 - Level 2.4 Dodging
 - Level 2.4 Stealth
 * Level 7.8 Spellcasting
 - Level 4.3 Conjurations


You had 12 spell levels left.
You knew the following spells:

 Your Spells              Type           Power        Failure   Level  Hunger
a - Magic Dart            Conj           ####         1%          1    None
b - Searing Ray           Conj           ####..       1%          2    None
c - Iskenderun's Mystic   Conj           ####....     17%         4    ###....


Dungeon Overview and Level Annotations

Branches:
Dungeon (3/15)

Altars:
Ashenzari
Okawaru

Annotations:
D:3 Grinder


Innate Abilities, Weirdness & Mutations

You are resistant to electric shocks.


Message History

Casting: Searing Ray
Confirm with . or Enter, or press ? or * to list all spells.
Aiming: Magic Dart
Press: ? - help, Shift-Dir - straight line, f/p - Grinder
Aim: Grinder (moderately wounded)
The magic dart hits Grinder.
Grinder is moderately wounded.
Grinder hits you!
* * * LOW HITPOINT WARNING * * *
You writhe in agony.
* * * LOW HITPOINT WARNING * * *
Casting: Magic Dart
Confirm with . or Enter, or press ? or * to list all spells.
Aiming: Magic Dart
Press: ? - help, Shift-Dir - straight line, f/p - Grinder
Aim: Grinder (moderately wounded)
The magic dart hits Grinder.
Grinder is moderately wounded.
Grinder hits you!
You die...

## ######......#
.## #.
#######...#.##
..# #.
#.........#.##
..#####.# #.
#.#####..#...#
........# #. #.#
#..#.#..
#.####### #. #.#
#..#...# ...# #.
#.# ##..#####
#..#######
#5####.####._.#
.........#
#.@...#.......##
...####...
######.######..#
##....# .....)..#
##.# ####.#
######### #.# #.#
####### #.# # #.#
#.....# #.# # #.#
#.###.##### #.# #
#.# #.# #.....#
#.# #
#.#####.###.###.#
#.# #


You could see Grinder.

Vanquished Creatures
  A hound (D:3)
  Jessica (D:2)
  Terence (D:1)
  A worker ant (D:3)
  Robin (D:2)
  4 adders
  2 worms
  2 giant geckos
  A giant cockroach (D:2)
  9 goblins
  8 hobgoblins
  2 ball pythons (D:2)
  3 bats
  4 giant newts
  4 kobolds
  6 rats
50 creatures vanquished.

Notes
Turn   | Place    | Note
--------------------------------------------------------------
     0 | D:1      | grisgris the Deep Elf Conjurer began the quest for the Orb.
     0 | D:1      | Reached XP level 1. HP: 10/10 MP: 6/6
   281 | D:1      | Reached XP level 2. HP: 15/15 MP: 5/8
   285 | D:1      | Learned a level 2 spell: Searing Ray
   429 | D:1      | Reached skill level 4 in Spellcasting
   660 | D:2      | Noticed Robin
   693 | D:2      | Killed Robin
   693 | D:2      | Reached XP level 3. HP: 12/19 MP: 0/11
   932 | D:1      | Reached skill level 5 in Spellcasting
  1380 | D:2      | Noticed Jessica
  1386 | D:2      | Killed Jessica
  1386 | D:2      | Reached XP level 4. HP: 24/24 MP: 6/13
  1405 | D:2      | Learned a level 4 spell: Iskenderun's Mystic Blast
  1550 | D:2      | Reached skill level 6 in Spellcasting
  1691 | D:2      | Noticed Terence
  1765 | D:1      | Killed Terence
  2417 | D:2      | Found an iron altar of Okawaru.
  2705 | D:3      | Found a shattered altar of Ashenzari.
  2819 | D:3      | Reached skill level 7 in Spellcasting
  2819 | D:3      | Reached XP level 5. HP: 7/28 MP: 2/16
  2820 | D:3      | Gained mutation: You are resistant to electric shocks. [potion of beneficial mutation]
  3290 | D:3      | Noticed Grinder
  3295 | D:3      | Mangled by Grinder

Skill      XL: |  1  2  3  4 |
---------------+-------------+-----
Spellcasting   | 4 5 7 |  7.8
Dodging        | |  2.4
Stealth        | |  2.4
Conjurations   | |  4.3

Action                   |  1- 3 |  4- 6 || total
-------------------------+-------+-------++-------
 Cast: Magic Dart        |    52 |    54 ||   106
       Searing Ray       |     5 |    16 ||    21
       Iskenderun's Myst |       |     1 ||     1
  Use: Scroll            |     5 |     2 ||     7
       Potion            |       |     5 ||     5
  Eat: Bread ration      |     1 |     1 ||     2
Armor: Robe              |     5 |     2 ||     7
Dodge: Dodged            |    15 |    14 ||    29
